 Dungeon Crawl Stone Soup version 0.29.1-15-g9cfb28693d (console) character file.

Game seed: 18202029534242936788

95 utis the Ducker (level 4, -4/28 HPs)
             Began as a Tengu Wanderer on Apr 8, 2023.
             Slain by Grinder (6 damage)
             ... on level 3 of the Dungeon.
             The game lasted 00:09:41 (3161 turns).

utis the Ducker (Tengu Wanderer)                    Turns: 3161, Time: 00:09:41

Health: -4/28      AC:  5    Str: 13    XL:     4   Next: 65%
Magic:  5/6        EV: 12    Int: 14    God:
Gold:   67         SH:  4    Dex: 13    Spells: 1/5 levels left

rFire   . . .      SeeInvis .   u - +1 whip (elec)
rCold   . . .      Faith    .   b - +0 buckler
rNeg    . . .      Spirit   .   d - +2 leather armour
rPois   .          Reflect  .   (helmet restricted)
rElec   .          Harm     .   (no cloak)
rCorr   .          Rampage  .   (no gloves)
Will    .....                   (boots unavailable)
Stlth   +.........              (no amulet)
HPRegen 0.09/turn               (no ring)
MPRegen 0.10/turn               (no ring)

@: no status effects
A: beak, talons 3
a: no special abilities


You were on level 3 of the Dungeon.
You visited 1 branch of the dungeon, and saw 3 of its levels.

You collected 100 gold pieces.
You spent 33 gold pieces at shops.

Inventory:

Hand Weapons
 a - a +0 dagger
 h - a +0 short sword
 i - a +0 falchion
 r - a +0 quarterstaff
 u - a +1 whip of electrocution (weapon)
Missiles
 j - 9 poisoned darts
Armour
 b - a +0 buckler (worn)
 d - a +2 leather armour (worn)
Magical Staves
 k - a staff of air
Scrolls
 l - a scroll of teleportation {unknown}
 m - 2 scrolls of amnesia {unknown}
 o - a scroll of enchant weapon {unknown}
 q - 2 scrolls of noise
 s - 2 scrolls of vulnerability {unknown}
 t - a scroll of enchant armour {unknown}
 w - a scroll of magic mapping {unknown}
 x - a scroll of immolation {unknown}
 y - a scroll of fear {unknown}
Potions
 c - 3 potions of haste
 e - 2 potions of lignification
 f - a potion of might {unknown}
 g - 2 potions of magic {unknown}
 n - a potion of mutation {unknown}
 p - a potion of brilliance {unknown}
 v - a potion of ambrosia {unknown}
 z - a potion of invisibility {unknown}
 A - a potion of curing {unknown}


   Skills:
 - Level 3.0 Fighting
 + Level 0.0 Maces & Flails
 + Level 4.4 Dodging
 - Level 1.0 Stealth
 - Level 1.0 Shields
 - Level 1.0 Spellcasting
 + Level 0.8 Conjurations
 - Level 1.0 Transmutations
 + Level 1.0 Air Magic
 + Level 2.6 Poison Magic


You had one spell level left.
You knew the following spells:

 Your Spells              Type           Power      Damage    Failure   Level
a - Sting                 Tmut/Pois      20%        1d4       22%         1
b - Mephitic Cloud        Conj/Pois/Air  4%         N/A       58%         3

Your spell library contained the following spells:

 Spells                   Type           Power      Damage    Failure   Level
 Foxfire                  Conj/Fire      4%         2x1d4     36%         1
 Conjure Flame            Conj/Fire      1%         6-21      75%         3
 Inner Flame              Hex/Fire       0%         N/A       80%         3
 Flame Wave               Conj/Fire      1%         2d4       98%         4
 Fireball                 Conj/Fire      0%         3d3       100%        5
 Starburst                Conj/Fire      0%         6d3       100%        6
 Ignition                 Fire           0%         3d3       100%        8


Dungeon Overview and Level Annotations

Branches:
Dungeon (3/15)

Altars:

Shops:
D:1 ?[*[*   D:2 [

Annotations:
D:3 Grinder


Innate Abilities, Weirdness & Mutations

You have a beak for a mouth.
You have claws for feet.


Message History

The frilled lizard attacks as you move away!
The frilled lizard closely misses you.
You closely miss the frilled lizard. You claw the frilled lizard.
You kill the frilled lizard!
Grinder says, "Tell me all your secrets, or I'll kill you."
Your Air Magic skill increases to level 1!
Grinder says, "Just stop there for a second..."
Grinder attacks as you move away! Grinder hits you.
You writhe in agony.
Grinder attacks as you move away! Grinder closely misses you.
There is a stone staircase leading up here.
You climb upwards.
There is a stone staircase leading down here.
You start resting.
HP restored.
You climb downwards.
Level annotation: Grinder
There is a stone staircase leading up here.
Grinder blinks!
Grinder says, "Don't move a muscle."
You miscast Sting.
You are very lightly contaminated with residual magic.
Nothing appears to happen.
You closely miss Grinder. Grinder hits you.
You closely miss Grinder. Your kick misses Grinder. Grinder closely misses you.
Grinder hits you.
You writhe in agony.
You are too injured to fight recklessly!
You are too injured to fight recklessly!
Grinder gestures at you. You resist with significant effort.
Grinder gestures at you.
You suddenly lose the ability to move!
Grinder hits you.
You writhe in agony.
* * * LOW HITPOINT WARNING * * *
Your magical contamination has completely faded away.
You can move again.
Unknown command.
Grinder attacks as you move away! Grinder hits you.
* * * LOW HITPOINT WARNING * * *
You writhe in agony.
You die...

░.░ ░░░░░.░.░ ░.░
░░░...†.░.░ ░░ ░.░
░░...░░░░░.░ .+ .░
░.░░░░..░░░ ░.░
░░...░░░░......░░░░░░░░.░
........................░
░░░+░░░░░.░░░.....░░░░░.░
░...†...░ ░.....░ ░.░ ░
░......░░░░..5@.░░░
░░..░..............<░ .░.
░.......░░░░░.░░░
....░.......░ ░.░
.>░.░.......░ ░.░ ░.░
░.......░ ░.░ ░.░
░.......░ ░.░ ░.░
░░░░░'░░░ ░.░
░.░░░░░░░.░░░░....


You could see Grinder.

Vanquished Creatures
  4 adders (D:2)
  2 worms (D:2)
  A dart slug (D:2)
  4 endoplasms
  A giant cockroach (D:1)
  3 goblins
  3 hobgoblins
  4 jackals (D:2)
  4 kobolds
  3 quokkas
  10 ball pythons
  6 bats
  A frilled lizard (D:3)
  7 rats
53 creatures vanquished.

Notes
Turn   | Place    | Note
-------+----------+-------------------------------------------
     0 | D:1      | utis the Tengu Wanderer began the quest for the Orb.
     0 | D:1      | utis set off with the following items: a +0 dagger, a +0
                  | buckler, a potion of haste, a +2 leather armour; and the
                  | following spell memorised: Sting; and the following spells
                  | available to memorise: Mephitic Cloud.
     0 | D:1      | Reached XP level 1. HP: 14/14 MP: 3/3
    18 | D:1      | Noticed an electric eel
   251 | D:1      | Found Giecoss's Armour Shoppe.
   328 | D:1      | Reached XP level 2. HP: 19/19 MP: 1/4
   386 | D:1      | Found Xungolo's General Store.
   489 | D:1      | Found Paiv's Assorted Antiques.
   609 | D:1      | Found Ytish's Armour Boutique.
   819 | D:1      | Found a faded altar of an unknown god.
  1079 | D:1      | Found Peupnu's Magic Scroll Shoppe.
  1087 | D:1      | Bought a scroll of identify for 22 gold pieces
  1087 | D:1      | Bought a scroll of noise for 11 gold pieces
  1275 | D:2      | Reached skill level 1 in Transmutations
  1275 | D:2      | Reached XP level 3. HP: 15/23 MP: 0/5
  1522 | D:2      | Found Vozyadd's Antique Armour Shop.
  1552 | D:2      | Reached skill level 4 in Dodging
  1679 | D:2      | Reached XP level 4. HP: 28/28 MP: 4/6
  1749 | D:2      | Learned a level 3 spell: Mephitic Cloud
  2974 | D:3      | Noticed Grinder
  2986 | D:3      | Paralysed by Grinder for 4 turns
  2999 | D:3      | Reached skill level 1 in Air Magic
  3157 | D:3      | Paralysed by Grinder for 4 turns
  3161 | D:3      | Slain by Grinder

Illustrated notes

Levels and vault maps discovered:
D:1:      arrival_aquarium_a, layout_basic, hellmonk_ecumenical_altar_lost_god,
          serial_shops, nicolae_shop_behind_doors, shop_fountains,
          nicolae_shop_trees, shop, nicolae_shop_stone
D:2:      layout_basic, serial_shops, nicolae_shop_waterfront
D:3:      cheibrodos_old_hovel, layout_basic, uniq_grinder

Skill      XL: |  1  2  3  4 |
---------------+-------------+-----
Transmutations | 1 |  1.0
Poison Magic   | 2 |  2.6
Dodging        | 4 |  4.4
Air Magic      | 1 |  1.0
Fighting       | |  3.0
Stealth        | |  1.0
Shields        | |  1.0
Spellcasting   | |  1.0
Conjurations   | |  0.8

Action                   |  1- 3 |  4- 6 || total
-------------------------+-------+-------++-------
Melee: Dagger            |     8 |       ||     8
       Kick              |    13 |    14 ||    27
       Peck              |    12 |     7 ||    19
       Short sword       |    39 |    34 ||    73
       Whip              |       |    14 ||    14
 Cast: Sting             |    22 |    18 ||    40
  Use: Scroll            |     1 |       ||     1
 Stab: Sleeping          |       |     2 ||     2
Armor: Leather armour    |    24 |     9 ||    33
Dodge: Dodged            |    36 |    26 ||    62
Block: Buckler           |    14 |     3 ||    17
